 Dungeon Crawl Stone Soup version 0.27.1-2-g3b301248ec (webtiles) character file.

Game seed: 7651353272861380560

605 barney the Changer (level 7, -3/62 HPs)
             Began as a Black Draconian Transmuter on Sept 29, 2021.
             Slain by a hornet zombie (7 damage)
             ... on level 5 of the Dungeon on Sept 30, 2021.
             The game lasted 00:08:57 (8249 turns).

barney the Changer (Black Draconian Transmuter)     Turns: 8249, Time: 00:08:58

Health: -3/62      AC:  6    Str: 12    XL:     7   Next: 19%
Magic:  7/10       EV: 10    Int: 16    God:
Gold:   280        SH:  0    Dex: 11    Spells: 3/10 levels left

rFire    . . .     SeeInvis .     - Unarmed
rCold    + + +     Faith    .   (shield currently unavailable)
rNeg     . . .     Spirit   .   (armour unavailable)
rPois    +         Reflect  .   (helmet currently unavailable)
rElec    .         Harm     .   (cloak currently unavailable)
rCorr    .         Rampage  .   (gloves currently unavailable)
Will     .....                  (boots currently unavailable)
Stlth    +.........             (no amulet)
HPRegen  0.20/turn              m - ring of protection from fire
MPRegen  0.12/turn              (no ring)

@: about to teleport, ice-form
A: freezing attack, amphibious, boosted hp, (breathe lightning), AC +6, large,
unfitting armour, (electricity resistance), (cold-blooded)
a: End Transformation


You were on level 5 of the Dungeon.
You were a creature of crystalline ice.
You visited 1 branch of the dungeon, and saw 5 of its levels.
You also visited: Sewer.

You collected 280 gold pieces.

Inventory:

Hand Weapons
 e - a +4 dagger
 g - a +1 dagger of freezing (melded)
Missiles
 d - 2 throwing nets
Armour
 h - a +2 hat (melded)
Jewellery
 b - a ring of poison resistance
 f - a ring of fire
 m - a ring of protection from fire (left front paw)
Wands
 i - a wand of acid (7)
Scrolls
 a - 2 scrolls of identify
 n - 2 scrolls of teleportation
Potions
 c - a potion of flight
 j - a potion of brilliance


   Skills:
 - Level 1.1 Fighting
 - Level 1.7 Dodging
 + Level 4.3 Unarmed Combat
 - Level 2.0 Spellcasting
 * Level 6.6 Transmutations
 + Level 2.7 Ice Magic


You had 3 spell levels left.
You knew the following spells:

 Your Spells              Type           Power      Damage    Failure   Level
a - Beastly Appendage     Tmut           46%        N/A       1%          1
b - Ice Form              Ice/Tmut       16%        N/A       30%         4
c - Wereblood             Tmut           23%        N/A       1%          2

Your spell library contained the following spells:

 Spells                   Type           Power      Damage    Failure   Level
 Spider Form              Tmut/Pois      6%         N/A       16%         3


Dungeon Overview and Level Annotations

Branches:
Dungeon (5/15)              Sewer (visited)
 Temple: D:4-7

Altars:
Ashenzari
Makhleb
Trog
The Shining One


Innate Abilities, Weirdness & Mutations

You are a creature of crystalline ice.
You have a powerful freezing melee attack.
You are amphibious.
Your maximum health is increased.
Your armour is entirely melded.
You are incapable of wielding weapons or throwing items.
((You can breathe wild blasts of lightning.))
((Your glossy black scales are hard. (AC +6)))
You cannot fit into any form of body armour.
((You are resistant to electric shocks. (rElec)))
((You are cold-blooded and may be slowed by cold attacks.))


Message History

The hornet zombie is moderately damaged.
The hornet zombie hits you but does no damage.
The orc barely misses you. x2; The hornet zombie hits you!
You barely miss the hornet zombie.
The hornet zombie is moderately damaged.
The hornet zombie hits you. The orc misses you.
You hit the hornet zombie.
The hornet zombie is heavily damaged.
The orc barely misses you. The hornet zombie hits you!
The orc hits you with a +0 club.
You punch the hornet zombie! You freeze the hornet zombie.
The hornet zombie is severely damaged.
The orc closely misses you. The hornet zombie closely misses you.
The orc barely misses you.
You punch the hornet zombie!
The hornet zombie is almost destroyed.
The hornet zombie hits you! The orc hits you with a +0 hand axe.
* * * LOW HITPOINT WARNING * * *
You barely miss the hornet zombie.
The hornet zombie is almost destroyed.
The hornet zombie hits you.
* * * LOW HITPOINT WARNING * * *
The orc barely misses you. The orc hits you with a +0 hand axe.
* * * LOW HITPOINT WARNING * * *
The hornet zombie hits you.
* * * LOW HITPOINT WARNING * * *
Okay, then.
Okay, then.
As you read the scroll of teleportation, it crumbles to dust.
You feel strangely unstable. The orc closely misses you.
The orc barely misses you.
The hornet zombie hits you but does no damage.
You hit the hornet zombie.
The hornet zombie is almost destroyed.
The orc barely misses you. The hornet zombie hits you.
* * * LOW HITPOINT WARNING * * *
The orc hits you with a +0 hand axe.
* * * LOW HITPOINT WARNING * * *
The hornet zombie hits you!
You die...

.. ..... ....... ...
#.... #.. ......
....#...#### #.. #....#
##..#......###..####....#
.........................
##..#........... .......
......oZ.#.###..####.#..#
#.o.Y...............#
#..#..#...###.......##..
#..#..#...# #.#.###.###.
#..#..#...# #.#.# #.# #.
###..#......# #.#.# #.#
#. #. ...........#
#.#.###.###. #.#
##.##..#.#.# #.#.......#.
#.#.# #..........#
#.........## #.#.#
#........#.# #.#####...##


You could see 2 orcs and a hornet zombie.

Vanquished Creatures
  2 scorpions
  2 hounds
  A jelly (D:4)
  Terence (D:3)
  An iguana (D:5)
  A hound zombie (D:5)
  12 adders
  11 gnolls
  A worm (D:2)
  3 dart slugs
  2 orcs (D:5)
  A bat (D:2)
  13 endoplasms
  9 giant cockroaches
  3 goblins
  6 hobgoblins
  5 kobolds
  11 quokkas
  17 ball pythons
  16 frilled lizards
  3 rats
121 creatures vanquished.

Notes
Turn   | Place    | Note
-------+----------+-------------------------------------------
     0 | D:1      | barney the Draconian Transmuter began the quest for the
                  | Orb.
     0 | D:1      | Reached XP level 1. HP: 16/16 MP: 3/3
   441 | D:1      | Found a faded altar of an unknown god.
   602 | D:1      | Reached XP level 2. HP: 22/23 MP: 3/5
   686 | D:1      | Reached skill level 3 in Transmutations
  1237 | D:2      | Found a glowing golden altar of the Shining One.
  1285 | D:2      | Reached XP level 3. HP: 28/28 MP: 3/6
  1289 | D:2      | Learned a level 3 spell: Spider Form
  1843 | D:1      | Reached skill level 4 in Transmutations
  2436 | D:2      | Reached XP level 4. HP: 30/35 MP: 3/7
  4042 | D:3      | Reached skill level 5 in Transmutations
  4201 | D:3      | Found a burning altar of Makhleb.
  4866 | D:3      | Learned a level 4 spell: Ice Form
  4869 | D:3      | Learned a level 2 spell: Wereblood
  5087 | D:3      | Found a broken altar of Ashenzari.
  5221 | D:3      | Noticed Terence
  5258 | D:3      | Reached XP level 5. HP: 40/40 MP: 6/8
  5287 | D:3      | Killed Terence
  5729 | D:4      | Reached skill level 1 in Ice Magic
  6026 | D:4      | Found a glowing drain.
  6047 | D:4      | Reached XP level 6. HP: 35/47 MP: 4/9
  6119 | Sewer    | Entered a sewer
  6544 | Sewer    | Reached skill level 6 in Transmutations
  7610 | D:5      | Entered Level 5 of the Dungeon
  7651 | D:5      | Found a bloodstained altar of Trog.
  7860 | D:5      | Your scales start taking on a glossy black colour.
  7860 | D:5      | Reached XP level 7. HP: 52/52 MP: 4/10
  7860 | D:5      | Gained mutation: You are resistant to electric shocks.
                  | (rElec) [Black Draconian growth]
  8248 | D:5      | HP: 3/62 [orc (3)]
  8249 | D:5      | Slain by a hornet zombie

Illustrated notes

Levels and vault maps discovered:
D:1:      nzn_arrival_depleted_hourglass, layout_loops_ring, serial_forest,
          infiniplex_forest_end_3, infiniplex_forest_clump_double,
          infiniplex_forest_straight_3, infiniplex_forest_straight_1,
          infiniplex_forest_fountain, infiniplex_forest_end_double,
          infiniplex_forest_straight_4, infiniplex_forest_lined_3,
          infiniplex_forest_clump_medium, shapermc_ecumenical_altar_notcrosses
D:2:      minmay_razor_zed, layout_basic, basic_altar
D:3:      layout_basic, bloody_makhleb, mainiacjoe_overflow_alcove_2,
          uniq_terence
D:4:      layout_cave_pools, serial_column_ruins, column_ruins_hut,
          column_ruins_square_medium, column_ruins_open_large,
          column_ruins_open_small, column_ruins_grid_1, column_ruins_grid_1,
          column_ruins_columns_straight, gup_sewer_entry_glass
D:5:      layout_basic, amcnicky_altar_gilded, minmay_temple_entry_glass

Skill      XL: |  1  2  3  4  5  6 |
---------------+-------------------+-----
Transmutations | 3 4 5 6 |  6.6
Ice Magic      | 1 2 |  2.7
Unarmed Combat | 4 |  4.3
Fighting       | |  1.1
Dodging        | |  1.7
Spellcasting   | |  2.0

Action                   |  1- 3 |  4- 6 |  7- 9 || total
-------------------------+-------+-------+-------++-------
Melee: Unarmed           |    59 |   139 |    17 ||   215
       Kick              |    10 |     5 |       ||    15
       Tailslap          |     5 |     9 |       ||    14
       Headbutt          |     1 |     5 |       ||     6
       Punch             |     1 |     1 |       ||     2
       Dagger            |       |   137 |       ||   137
 Cast: Beastly Appendage |    18 |    15 |       ||    33
       Spider Form       |     3 |     8 |       ||    11
       Ice Form          |       |    11 |     3 ||    14
       Wereblood         |       |     1 |       ||     1
  Use: Potion            |     2 |     4 |       ||     6
       Scroll            |       |    11 |     1 ||    12
 Stab: Sleeping          |     2 |     1 |       ||     3
Armor: Skin              |    13 |    96 |     6 ||   115
Dodge: Dodged            |    28 |   168 |    20 ||   216
